 Dungeon Crawl Stone Soup version 0.31-a0-117-g42d8f58691 (webtiles) character file.

Game seed: 6809406051674066219

204 ders the Digger (level 5, -3/28 HPs)
             Began as a Gargoyle Earth Elementalist on May 30, 2023.
             Slain by an orc
             ... wielding a +0 morningstar
              (8 damage)
             ... on level 4 of the Dungeon.
             The game lasted 00:04:57 (2877 turns).

ders the Digger (Gargoyle Earth Elementalist)       Turns: 2877, Time: 00:04:57

Health: -3/28      AC:  7    Str: 10 (11) XL:     5   Next: 82%
Magic:  9/9        EV: 11    Int: 15 (18) God:
Gold:   100        SH:  0    Dex:  9 (10) Spells: 9/10 levels left

rFire   . . .        d - +0 short sword
rCold   . . .        (no shield)
rNeg    + . .        a - +0 robe
rPois   ∞            (no helmet)
rElec   +            (no cloak)
rCorr   .            e - +0 pair of gloves
SInv    .            (no boots)
Will    +....        (no amulet)
Stlth   ++           (no ring)
HPRegen 0.24/turn    (no ring)
MPRegen 0.11/turn

%: no passive effects
@: mighty, about to teleport, enlightened, flying (expiring)
A: sickness immunity, AC +4, negative energy resistance 1, electricity
resistance, torment resistance 1, petrification resistance
a: no special abilities


You were on level 4 of the Dungeon.
You visited 1 branch of the dungeon, and saw 4 of its levels.

You collected 166 gold pieces.
You spent 66 gold pieces at shops.

Inventory:

Hand Weapons
 d - a +0 short sword (weapon)
Missiles
 f - 4 silver javelins
Armour
 a - a +0 robe (worn)
 e - a +0 pair of gloves (worn)
Scrolls
 i - 2 scrolls of teleportation
 k - 3 scrolls of noise
 n - 4 scrolls of identify
Potions
 c - a potion of haste
 g - a potion of resistance
 j - a potion of degeneration


   Skills:
 - Level 1.5 Dodging
 - Level 2.1 Stealth
 + Level 3.1 Spellcasting
 * Level 4.1 Conjurations
 - Level 0.7 Transmutations
 + Level 4.9 Earth Magic


You had 9 spell levels left.
You knew the following spells:

 Your Spells              Type           Power      Damage    Failure   Level
a - Sandblast             Erth           34%        2d9       2%          1

Your spell library contained the following spells:

 Spells                   Type           Power      Damage    Failure   Level
 Passwall                 Tmut/Erth      8%         N/A       10%         2
 Stone Arrow              Conj/Erth      30%        3d8       10%         3
 Petrify                  Tmut/Erth      10%        N/A       52%         4


Dungeon Overview and Level Annotations

Branches:
Dungeon (4/15)
 Temple: D:4-7

Altars:

Shops:
D:2 (??*=   D:4 =


Innate Abilities, Weirdness & Mutations

You are immune to sickness and miasma.
Your stone body is resilient. (AC +4)
You are immune to poison.
You resist negative energy. (rN+)
You are resistant to electric shocks. (rElec)
You are resistant to unholy torment.
You are immune to petrification.


Message History

Unknown command.
Casting: Sandblast (safe; 2% risk of failure)
Confirm with . or Enter, or press ? or * to list all spells.
Aiming: Sandblast (safe; 2% risk of failure)
Press: ? - help, Shift-Dir - straight line, f/p - orc
Aim: an orc, wielding a +0 flail (heavily wounded, 82% to hit)
The blast of sand hits the goblin.
You kill the goblin!
The orc hits you with a +0 flail.
Unknown command.
Casting: Sandblast (safe; 2% risk of failure)
Confirm with . or Enter, or press ? or * to list all spells.
You don't have enough magic to cast this spell.
You are too injured to fight recklessly!
You closely miss the orc.
The orc is moderately wounded.
The orc hits you with a +0 flail!
* * * LOW HITPOINT WARNING * * *
Magic courses through your body. The orc barely misses you.
Casting: Sandblast (safe; 2% risk of failure)
Confirm with . or Enter, or press ? or * to list all spells.
You don't know that spell.
Casting: Sandblast (safe; 2% risk of failure)
Confirm with . or Enter, or press ? or * to list all spells.
Aiming: Sandblast (safe; 2% risk of failure)
Press: ? - help, Shift-Dir - straight line, f/p - orc
Aim: an orc, wielding a +0 flail (moderately wounded, 82% to hit)
The blast of sand hits the orc.
You kill the orc!
Unknown command.
You reach down and open the door.
A gnoll, an orc and a hobgoblin come into view.
The gnoll shouts!
The hobgoblin shouts!
There is an open door here.
You are starting to lose your buoyancy.
As you read the scroll of teleportation, it crumbles to dust.
You feel strangely unstable. The gnoll hits you with a +0 flail.
* * * LOW HITPOINT WARNING * * *
The orc attacks as you move away! The orc hits you with a +0 morningstar!
You die...

#.# ##. #.# .. #.# ##. ###
##### #.# .. . ##.###...# #.#
... ... ##..##'.8.######.####
.....###'##.)#...##........#
#..)#..#.#.o.##..##.#..#
#...#.###g.8@'...##.#..#
#...+##..#.g.#...#..#..#
.....##...#...##..#.##..#
.)....#.g.#+.8.##..#.##..####
# #......+..#
#...##..(.....##.###
##########
#########.#####.#...
#......###.# #######.#.##
##.##


You could see a gnoll, an orc and a hobgoblin.

Vanquished Creatures
  An orc priest (D:4)
  A jelly (D:4)
  An iguana (D:4)
  An orc wizard (D:4)
  3 adders
  An ufetubus (D:4)
  5 orcs (D:4)
  4 endoplasms
  2 giant cockroaches
  5 goblins
  11 hobgoblins
  5 kobolds
  A quokka (D:1)
  5 ball pythons
  5 bats
  5 frilled lizards
  4 rats
60 creatures vanquished.

Notes
Turn   | Place    | Note
-------+----------+-------------------------------------------
     0 | D:1      | ders the Gargoyle Earth Elementalist began the quest for
                  | the Orb.
     0 | D:1      | Reached XP level 1. HP: 10/10 MP: 3/3
   204 | D:1      | Reached skill level 1 in Conjurations
   275 | D:1      | Reached XP level 2. HP: 15/15 MP: 3/5
  1071 | D:2      | Found Ireodghia's Jewellery Emporium.
  1358 | D:2      | Found Ceuschusk's Magic Scroll Emporium.
  1363 | D:2      | Bought 3 scrolls of identify for 66 gold pieces
  1367 | D:2      | Reached XP level 3. HP: 19/19 MP: 4/6
  1441 | D:2      | Found Amnoica's Weapon Boutique.
  1501 | D:2      | Found Jecrebamn's Magic Scroll Shoppe.
  1728 | D:2      | Found Ikhem's General Store.
  2171 | D:3      | Found a faded altar of an unknown god.
  2252 | D:3      | Reached XP level 4. HP: 24/24 MP: 5/7
  2708 | D:4      | Found Wulom's Jewellery Emporium.
  2788 | D:4      | Reached XP level 5. HP: 28/28 MP: 7/9
  2877 | D:4      | Slain by an orc

Illustrated notes

Levels and vault maps discovered:
D:1:      scummos_arrival_simple_fountains, layout_basic, serial_bayou_pond_c,
          amcnicky_mini_rare_corridor_liquid, reono_crystal_passage
D:2:      layout_basic, serial_shops, nicolae_shop_trees,
          nicolae_shop_waterfront, shop, shop, nicolae_shop_peninsula
D:3:      layout_rooms, nicolae_ecumenical_pavilion, minmay_vboxes
D:4:      minmay_chambers_of_threes, layout_loops_cross, lightli_temple_of_fire,
          minmay_temple_entry_hall, cheibrodos_sewer_entry_bend, serial_shops,
          nicolae_shop_trees, shop, shop, hangedman_decor_diamond_cutter

Skill      XL: |  1  2  3  4  5 |
---------------+----------------+-----
Conjurations   | 1 2 3 4 |  4.1
Earth Magic    | 4 |  4.9
Spellcasting   | 3 |  3.1
Dodging        | |  1.5
Stealth        | |  2.1
Transmutations | |  0.7

Action                     |  1- 3 |  4- 6 || total
---------------------------+-------+-------++-------
  Melee: Short sword       |     2 |     7 ||     9
   Cast: Sandblast         |    57 |    31 ||    88
    Use: Scroll            |     4 |     1 ||     5
         Potion            |       |     5 ||     5
 Armour: Robe              |    12 |     7 ||    19
  Dodge: Dodged            |    18 |    13 ||    31

Table legend: (Time is in decaauts)
 A = Elapsed time spent in this place.
 B = Non-inter-level travel time spent in this place.
 C = Inter-level travel time spent in this place.
 D = Time resting spent in this place.
 E = Time spent auto-exploring this place.
 F = Levels seen in this place.
 G = Mean time per level.
                   A        B        C        D        E       F      G
               +--------+--------+--------+--------+--------+-----+--------+
         Total |   2928 |   2778 |    150 |    102 |   2312 |   4 |  732.0 |
       Dungeon |   2928 |   2778 |    150 |    102 |   2312 |   4 |  732.0 |
               +--------+--------+--------+--------+--------+-----+--------+

Top non-repeatable levels by time:
     D:1: 1090 daAuts
     D:2: 976 daAuts
     D:3: 614 daAuts
     D:4: 247 daAuts
